 Dungeon Crawl Stone Soup version 0.31-a0-75-g6fe912e8c5 (webtiles) character file.

Game seed: 5280817603003924931

1210 loir the Ruffian (level 8, -4/68 (79) HPs)
             Began as a Troll Gladiator on May 24, 2023.
             Was an Initiate of Wu Jian.
             Slain by a wight
             ... wielding a +3 falchion
              (7 damage)
             ... on level 5 of the Dungeon.
             The game lasted 00:27:32 (3605 turns).

loir the Ruffian (Troll Gladiator)                  Turns: 3605, Time: 00:27:32

HP:   -4/68 (79)    AC:  4    Str: 25    XL:     8   Next: 22%
MP:   7/7           EV: 11    Int:  4    God:    Wu Jian [......]
Gold: 196           SH:  8    Dex: 17    Spells: 7/7 levels left

rFire   . .          .
                       - Unarmed
rCold   + . .        C - +0 kite shield
rNeg    . . .        a - +0 robe
rPois   .            b - +0 hat
rElec   .            (no cloak)
rCorr   .            (gloves unavailable)
SInv    .            (boots unavailable)
Will    .....        s - amulet of the acrobat
Stlth   ++           f - ring of protection from cold
HPRegen 1.11/turn    i - +6 ring of dexterity
MPRegen 0.10/turn

%: acrobat
@: heavily drained
A: large, unfitting armour, claws 3, regeneration 1, shaggy fur 1, tough skin 1
a: Renounce Religion


You were on level 5 of the Dungeon.
You worshipped Wu Jian.
Wu Jian was noncommittal.
You visited 2 branches of the dungeon, and saw 7 of its levels.

You collected 196 gold pieces.

Inventory:

Missiles
 c - 3 throwing nets
 d - 6 large rocks
 h - 54 stones
 j - 14 poisoned darts
 n - 8 boomerangs (quivered)
 v - 3 curare-tipped darts
Armour
 a - a +0 robe (worn)
 b - a +0 hat (worn)
 C - a +0 kite shield (worn)
Magical Staves
 A - a staff of fire
Jewellery
 f - a ring of protection from cold (left claw)
 i - a +6 ring of dexterity (right claw)
 s - an amulet of the acrobat (around neck)
 u - a ring of willpower
 y - a ring of see invisible
Wands
 z - a wand of polymorph (8)
 D - a wand of paralysis (12)
 E - a wand of flame (15)
Scrolls
 e - 2 scrolls of magic mapping
 l - 4 scrolls of teleportation
 q - 3 scrolls of identify
 x - 3 scrolls of noise
 B - a scroll of enchant armour {unknown}
Potions
 g - a potion of degeneration {unknown}
 k - 2 potions of enlightenment
 m - a potion of lignification {unknown}
 o - a potion of attraction {unknown}
 p - a potion of magic {unknown}
 r - 2 potions of haste
 t - 3 potions of might {unknown}
 w - a potion of curing {unknown}


   Skills:
 * Level 4.4 Fighting
 + Level 3.8 Throwing
 * Level 4.8 Dodging
 + Level 1.3 Shields
 * Level 5.9 Unarmed Combat


You had 7 spell levels left.
You didn't know any spells.
Your spell library contained the following spells:

 Spells                   Type           Power      Damage    Failure   Level
 Magic Dart               Conj           0%         1d3       77%         1
 Blink                    Tloc           0%         N/A       88%         2
 Call Imp                 Summ           0%         N/A       88%         2
 Inner Flame              Hex/Fire       0%         N/A       98%         3
 Mephitic Cloud           Conj/Pois/Air  0%         N/A       98%         3
 Flame Wave               Conj/Fire      0%         2d4       100%        4
 Manifold Assault         Tloc           0%         N/A       100%        4
 Sticky Flame             Conj/Fire      0%         2d3       100%        4
 Storm Form               Tmut/Air       0%         N/A       100%        7


Dungeon Overview and Level Annotations

Branches:
Dungeon (6/15)             Temple (1/1) D:5

Altars:
Cheibriados
Dithmenos
Fedhas
Gozag
Hepliaklqana
Kikubaaqudgha
Makhleb
Qazlal
Ru
Sif Muna
Uskayaw
Vehumet
Wu Jian
Xom
Yredelemnul
Zin
The Shining One


Innate Abilities, Weirdness & Mutations

You are too large for most types of armour.
You have claws for hands.
Your natural rate of healing is unusually fast.
You are covered in fur. (AC +1)
You have tough skin. (AC +1)


Message History

The wight is heavily damaged.
Something hits you. The wight hits you with a +3 falchion.
* * * LOW HITPOINT WARNING * * *
You feel drained.
* * * LOW HITPOINT WARNING * * *
You block the wight's attack. The wight attacks as you move away!
The wight hits you with a +0 spear.
* * * LOW HITPOINT WARNING * * *
You feel drained.
An orc wizard appears from thin air!
Reactivating autopickup.
The orc wizard barely misses you. The wight completely misses you.
There is a stone staircase leading up, spattered with blood here.
The orc wizard hits you with a +0 dagger.
* * * LOW HITPOINT WARNING * * *
The wight misses you.
You climb upwards.
There is a stone staircase leading down here.
You closely miss the orc wizard.
The orc wizard is heavily wounded.
You block the wight's attack.
The orc wizard points at you and mumbles some strange words.
The puff of flame hits you!
* * * LOW HITPOINT WARNING * * *
You closely miss the orc wizard.
The orc wizard is heavily wounded.
You block the wight's attack. The orc wizard barely misses you.
You miss the orc wizard.
The orc wizard is heavily wounded.
You block the wight's attack. The orc wizard closely misses you.
You claw the orc wizard!
You kill the orc wizard!
The Council accepts your kill. The wight hits you with a +3 falchion.
* * * LOW HITPOINT WARNING * * *
You feel drained.
* * * LOW HITPOINT WARNING * * *
You claw the wight!
The wight is severely damaged.
The wight hits you with a +3 falchion!
You die...

# #.#.# #.......
############.#.# #######'
.............#.# ############.
##############.#
####............
#.............###........)....#.
#.##############...##########.#.
#.# #..#.# #...<#.#.
#.#############)##.#####.####.#.
#.....†.......z@................
##################.#####.....>#.
#........###.......###
#..........'.......'..
############.......##.
#.......##. #.......##.
#.......### #.......###


You could see a wight.

Vanquished Creatures
  Prince Ribbit (D:5)
  A black bear (D:3)
  An ice beast (D:5)
  An ogre (D:5)
  A phantom (D:5)
  3 scorpions
  2 wights (D:6)
  2 hounds (D:5)
  An orc priest (D:6)
  Ijyb (D:5)
  An iguana (D:5)
  An orc wizard (D:5)
  15 adders
  A shadow imp (D:5)
  A worm (D:5)
  2 dart slugs
  10 orcs
  5 bats
  4 endoplasms
  6 giant cockroaches
  7 hobgoblins
  9 jackals
  4 quokkas
  4 ball pythons
  5 frilled lizards
  11 goblins
  12 kobolds
  7 rats
119 creatures vanquished.

Notes
Turn   | Place    | Note
-------+----------+-------------------------------------------
     0 | D:1      | loir the Troll Gladiator began the quest for the Orb.
     0 | D:1      | Reached XP level 1. HP: 19/19 MP: 0/0
    68 | D:1      | Reached XP level 2. HP: 28/28 MP: 1/1
   497 | D:2      | Reached XP level 3. HP: 30/35 MP: 2/2
  1023 | D:2      | Reached XP level 4. HP: 42/42 MP: 3/3
  1562 | D:3      | Noticed a black bear
  1572 | D:3      | Killed a black bear
  1573 | D:3      | Reached skill level 4 in Unarmed Combat
  1573 | D:3      | Reached XP level 5. HP: 52/52 MP: 4/4
  2123 | D:4      | Reached XP level 6. HP: 38/61 MP: 5/5
  2514 | D:4      | Found an opulent altar of Gozag.
  2674 | D:5      | Entered Level 5 of the Dungeon
  2677 | D:5      | Identified the +0 ring mail "Erina" {Fly rElec rC- Str+3}
  2703 | D:5      | Found a stormy altar of Qazlal.
  2712 | D:5      | Noticed Prince Ribbit
  2723 | D:5      | Killed Prince Ribbit
  2724 | D:5      | Reached skill level 5 in Unarmed Combat
  2724 | D:5      | Reached XP level 7. HP: 36/67 MP: 6/6
  2953 | D:5      | Found a burning altar of Makhleb.
  3087 | D:5      | Noticed Ijyb
  3099 | D:5      | Killed Ijyb
  3170 | D:5      | Found a snail-covered altar of Cheibriados.
  3172 | D:5      | Found a sacrificial altar of Ru.
  3273 | D:5      | Found a staircase to the Ecumenical Temple.
  3280 | Temple   | Entered the Ecumenical Temple
  3293 | Temple   | Became a worshipper of the Wu Jian Council
  3385 | D:5      | Reached skill level 1 in Shields
  3433 | D:5      | Reached XP level 8. HP: 78/78 MP: 7/7
  3604 | D:5      | HP: 2/67 [wight/+3 falchion (2)]
  3605 | D:5      | Slain by a wight

Illustrated notes

Levels and vault maps discovered:
D:1:      minmay_arrival_stone_box, layout_rooms
D:2:      layout_basic
D:3:      layout_basic
D:4:      layout_rooms, mainiacjoe_overflow_surrounded_room
D:5:      layout_basic, makhleb_grotto_becter, grunt_temple_overflow_open,
          mainiacjoe_overflow_cross_hatched,
          minmay_temple_entry_enclosed_plants, uniq_prince_ribbit1, uniq_ijyb
D:6:      layout_cave_pods, trog_hazing_becter, uniq_eustachio, uniq_edmund
Temple:   hellmonk_temple_two_chambers

Skill      XL: |  1  2  3  4  5  6  7 |
---------------+----------------------+-----
Throwing       | 2 3 |  3.8
Fighting       | 2 3 4 |  4.4
Dodging        | 3 4 |  4.8
Unarmed Combat | 4 5 |  5.9
Shields        | 1 |  1.3

Action                     |  1- 3 |  4- 6 |  7- 9 || total
---------------------------+-------+-------+-------++-------
  Melee: Unarmed           |    89 |   113 |    98 ||   300
         Punch             |     1 |     1 |     1 ||     3
  Throw: Boomerang         |       |    31 |    19 ||    50
         Dart              |       |     3 |       ||     3
         Throwing net      |       |     2 |       ||     2
Ability: Lunge             |       |       |     2 ||     2
    Use: Scroll            |     1 |     6 |       ||     7
   Stab: Distracted        |       |     2 |       ||     2
         Sleeping          |       |     1 |       ||     1
 Armour: Robe              |    48 |    38 |    21 ||   107
  Dodge: Dodged            |    47 |    63 |    46 ||   156
  Block: Kite shield       |       |       |    23 ||    23

Table legend: (Time is in decaauts)
 A = Elapsed time spent in this place.
 B = Non-inter-level travel time spent in this place.
 C = Inter-level travel time spent in this place.
 D = Time resting spent in this place.
 E = Time spent auto-exploring this place.
 F = Levels seen in this place.
 G = Mean time per level.
                   A        B        C        D        E       F      G
               +--------+--------+--------+--------+--------+-----+--------+
         Total |   3594 |   3224 |    370 |     67 |   2385 |   7 |  513.4 |
       Dungeon |   3562 |   3208 |    354 |     67 |   2375 |   6 |  593.7 |
        Temple |     31 |     15 |     16 |      0 |     10 |   1 |   31.0 |
               +--------+--------+--------+--------+--------+-----+--------+

Top non-repeatable levels by time:
     D:2: 995 daAuts
     D:5: 865 daAuts
     D:3: 651 daAuts
     D:4: 571 daAuts
     D:1: 442 daAuts
     D:6: 36 daAuts
  Temple: 31 daAuts
